 Dungeon Crawl Stone Soup version 0.24.1 (webtiles) character file.

Game seed: 12844762585317725404, levelgen mode: deterministic

395 lepoulpe303 the Sneak (level 6, -9/42 HPs)
             Began as an Octopode Assassin on Apr 6, 2020.
             Killed by divine providence
             ... invoked by an orc priest
              (11 damage)
             ... on level 4 of the Dungeon.
             The game lasted 00:10:50 (4041 turns).

lepoulpe303 the Sneak (Octopode Assassin)           Turns: 4041, Time: 00:10:51

Health: -9/42      AC:  1    Str: 11    XL:     6   Next: 82%
Magic:  6/6        EV: 14    Int: 15    God:
Gold:   163        SH:  0    Dex: 13    Spells: 5/5 levels left

rFire    . . .     SeeInvis .   a - +2 dagger
rCold    . . .     Gourm    .   (no shield)
rNeg     . . .     Faith    .   (helmet restricted)
rPois    .         Spirit   .   (no amulet)
rElec    .         Reflect  .   (no ring)
rCorr    .         Harm     .   (no ring)
MR       .....                  (no ring)
Stlth    ++++......             (no ring)
HPRegen  0.14/turn              (no ring)
MPRegen  0.10/turn              (no ring)
                                (no ring)
                                (no ring)

@: no status effects
A: almost no armour, stealthy swim, amphibious, 8 rings, constrict 8, camouflage
1, gelatinous body 1
a: no special abilities


You were on level 4 of the Dungeon.
You were hungry.

You visited 1 branch of the dungeon, and saw 4 of its levels.

You collected 163 gold pieces.

Inventory:

Hand Weapons
 a - a +2 dagger (weapon)
Missiles
 b - 40 poisoned darts (quivered)
 c - 2 curare-tipped darts
 d - 7 boomerangs
Jewellery
 k - an uncursed amulet of magic regeneration
 G - an uncursed amulet of guardian spirit {Spirit}
Scrolls
 f - 2 scrolls of noise {unknown}
 h - a scroll of blinking {unknown}
 i - 3 scrolls of identify
 l - a scroll of enchant armour {unknown}
 n - a scroll of teleportation {unknown}
 r - a scroll of random uselessness {unknown}
 s - 3 scrolls of magic mapping {unknown}
 w - 5 scrolls of remove curse
Potions
 g - 2 potions of invisibility {unknown}
 j - a potion of might {unknown}
 m - a potion of lignification {unknown}
 o - a potion of heal wounds {unknown}
 p - a potion of ambrosia {unknown}
Comestibles
 e - 4 rations


   Skills:
 + Level 3.5 Fighting
 + Level 3.4 Short Blades
 + Level 3.5 Throwing
 + Level 3.0 Dodging
 + Level 6.9 Stealth


You had 5 spell levels left.
You didn't know any spells.
Your spell library was empty.

Dungeon Overview and Level Annotations

Branches:
Dungeon (4/15)             Temple (0/1) D:4

Altars:

Shops:
D:4 :=

Annotations:
D:3 3 runed translucent doors, kolakolka's ghost, amateur TrFi


Innate Abilities, Weirdness & Mutations

You cannot wear most types of armour.
You are very stealthy in the water. (Stealth+)
You are amphibious.
You can wear up to eight rings at the same time.
You can use your tentacles to constrict eight enemies at once.
Your skin changes colour to match your surroundings (Stealth+).
Your rubbery body absorbs attacks. (AC +1, EV +1)


Message History

You take 12 damage, and have 8/42 hp.
MASSIVE DAMAGE!!
The orc priest casts a cantrip, but nothing happens.
You see here a poisoned dart.
You see here a +0 giant club.
The orc priest closely misses you.
You closely miss the orc priest. You hit the orc priest.
The orc priest hits you.
* * * LOW HITPOINT WARNING * * *
You take 3 damage, and have 7/42 hp.
You hit the orc priest. The orc priest misses you.
You barely miss the orc priest. The orc priest hits you.
* * * LOW HITPOINT WARNING * * *
You take 5 damage, and have 2/42 hp.
You barely miss the orc priest. You grab the orc priest.
You constrict the orc priest. The orc priest barely misses you.
You hit the orc priest. You constrict the orc priest.
The orc priest mumbles some strange prayers to Beogh against you.
Beogh smites you!
You die...

.....# #.#.# #'#..#
####..o#######
'∩+..#
#.....(.)....######
#+#..#
#.##....####......#
....##
#.##....#.....###.#
....#
#.##..>....##.# #.#
....#
#.##.##.#..##.###.#
....#
#....##.#o.#....#.#
....#
#######.#@.####.#.#
....# #.#.......#.#
#####
########.#.......[.#
#........#..########
#.#####..#.........#
#######.#
#..#.#######.#
#.......#
#..........#.#
#.#######
##.#.......#.# ..#
#.##..#####.#


You could see an orc priest.

Levels and vault maps discovered:
D:1:      lightli_arrival_chessboard, layout_basic
D:2:      layout_loops_corners, first_ration
D:3:      layout_loops_ring, ebering_ghost_rock_garden,
          chequers_serial_rivers_small_3
D:4:      layout_basic, minmay_temple_entry_sparse_star, serial_shops,
          shop_statue, kennysheep_mini_moat, small_statue_intersection,
          uniq_crazy_yiuf_cottage, uniq_ijyb

Notes
Turn   | Place    | Note
-------+----------+-------------------------------------------
     0 | D:1      | lepoulpe303 the Octopode Assassin began the quest for the
                  | Orb.
     0 | D:1      | Reached XP level 1. HP: 14/14 MP: 1/1
    39 | D:1      | Identified a +0 short sword
   264 | D:1      | Identified a +0 dagger
   354 | D:1      | Identified a +0 club
   417 | D:1      | Reached XP level 2. HP: 19/19 MP: 2/2
   473 | D:1      | Identified a +0 dagger
   511 | D:1      | Identified a +0 dagger
   600 | D:1      | Identified a cursed -1 dagger
   613 | D:1      | Reached XP level 3. HP: 19/24 MP: 3/3
   826 | D:2      | Identified a +0 halberd
   826 | D:2      | Identified a +0 club
   826 | D:2      | Identified a +0 whip
   827 | D:2      | Identified a +0 flail
  1099 | D:2      | Reached XP level 4. HP: 18/30 MP: 4/4
  1294 | D:2      | Identified a +0 dagger
  1298 | D:2      | Identified a +0 club
  1393 | D:2      | Identified a +0 club
  1644 | D:2      | Reached skill level 2 in Dodging
  1812 | D:2      | Reached skill level 6 in Stealth
  1873 | D:2      | Identified a +0 short sword
  2033 | D:2      | Identified a +0 spear
  2033 | D:2      | Identified a +0 hunting sling
  2033 | D:2      | Identified a +0 robe
  2033 | D:2      | Identified an uncursed amulet of guardian spirit
  2110 | D:2      | Identified a +0 club
  2172 | D:2      | Reached XP level 5. HP: 24/36 MP: 5/5
  2543 | D:2      | Identified 5 scrolls of remove curse
  2544 | D:2      | Identified 4 scrolls of identify
  2544 | D:2      | Identified an amulet of magic regeneration (You found it on
                  | level 1 of the Dungeon)
  2691 | D:3      | Found a runed translucent gate.
  2691 | D:3      | Found a runed translucent gate.
  2691 | D:3      | Found a runed translucent gate.
  2692 | D:3      | Noticed kolakolka's ghost (amateur TrFi)
  2726 | D:3      | Identified a +0 dagger
  2812 | D:3      | Identified a +0 club
  2835 | D:3      | Identified a +0 short sword
  3106 | D:3      | Reached skill level 3 in Fighting
  3106 | D:3      | Reached skill level 3 in Throwing
  3306 | D:4      | Found Paowicum's Jewellery Emporium.
  3396 | D:4      | Identified a +0 mace
  3425 | D:4      | Found a runed translucent door.
  3426 | D:4      | Identified a +4 quarterstaff of chaos
  3426 | D:4      | Identified a +0 cloak
  3426 | D:4      | Noticed Crazy Yiuf
  3468 | D:4      | Killed Crazy Yiuf
  3468 | D:4      | Reached skill level 3 in Short Blades
  3625 | D:4      | Found Xoqatodgh's Book Emporium.
  3756 | D:4      | Reached XP level 6. HP: 42/42 MP: 6/6
  3820 | D:4      | Found a staircase to the Ecumenical Temple.
  3823 | D:4      | Identified a +0 giant club
  3827 | D:4      | Identified a cursed +0 leather armour
  3827 | D:4      | Noticed Ijyb
  3915 | D:4      | Identified a +2 dagger
  3921 | D:4      | Killed Ijyb
  3973 | D:4      | Identified a +0 dagger
  3973 | D:4      | Identified a +0 robe
  4009 | D:4      | Identified a +0 dagger
  4009 | D:4      | Identified a +0 leather armour
  4010 | D:4      | Reached skill level 3 in Dodging
  4017 | D:4      | Identified a +0 flail
  4020 | D:4      | HP: 8/42 [orc priest/divine providence (12)]
  4037 | D:4      | HP: 7/42 [orc priest (4)]
  4039 | D:4      | HP: 2/42 [orc priest (5)]
  4041 | D:4      | Killed from afar by an orc priest

Table legend:
 A = Turns spent in this place as a percentage of turns spent in the entire game.
 B = Non-inter-level travel turns spent in this place as a percentage of non-inter-level travel turns spent in the entire game.
 C = Inter-level travel turns spent in this place as a percentage of turns spent in this place.
 D = Turns resting spent in this place as a percentage of non-inter-level travel turns spent in this place.
 E = Turns spent auto-exploring this place as a percentage of non-inter-level travel turns spent in this place.
 F = Non-inter-level travel turns spent in this place divided by the number of levels of this place that you've seen.
                   A       B       C       D       E      F
               +-------+-------+-------+-------+-------+----------------------
         Total | 100.0 | 100.0 |   5.8 |  24.9 |  53.6 | 951.2
       Dungeon | 100.0 | 100.0 |   5.8 |  24.9 |  53.6 | 951.2
               +-------+-------+-------+-------+-------+----------------------

Table legend:
 A = Kills in this place as a percentage of kills in entire the game.
 B = Kills by you in this place as a percentage of kills by you in the entire game.
 C = Kills by friends in this place as a percentage of kills by friends in the entire game.
 D = Other kills in this place as a percentage of other kills in the entire game.
 E = Experience gained in this place as a percentage of experience gained in the entire game.
 F = Experience gained in this place divided by the number of levels of this place that you have seen.
                   A       B       C       D       E      F
               +-------+-------+-------+-------+-------+----------------------
         Total | 100.0 | 100.0 |   N/A |   N/A | 100.0 | 141.2
       Dungeon | 100.0 | 100.0 |   N/A |   N/A | 100.0 | 141.2
               +-------+-------+-------+-------+-------+----------------------

Skill      XL: |  1  2  3  4  5  6 |
---------------+-------------------+-----
Dodging        | 2 3 |  3.0
Stealth        | 6 |  6.9
Fighting       | 3 |  3.5
Throwing       | 3 |  3.5
Short Blades   | 3 |  3.4

Action                   |  1- 3 |  4- 6 || total
-------------------------+-------+-------++-------
Melee: Dagger            |    52 |    94 ||   146
       Constrict         |    11 |    21 ||    32
       Tentacles         |     5 |    12 ||    17
       Unarmed           |       |     9 ||     9
Throw: Dart              |     8 |    37 ||    45
  Use: Scroll            |       |     2 ||     2
 Stab: Sleeping          |     9 |    27 ||    36
  Eat: Chunk             |       |     9 ||     9
Armor: Skin              |    10 |     5 ||    15
Dodge: Dodged            |    40 |    49 ||    89

Vanquished Creatures
  An ogre (D:4)
  Crazy Yiuf (D:4)
  An orc wizard (D:4)
  Ijyb (D:4)
  2 worker ants (D:4)
  4 gnolls (D:2)
  5 adders
  2 worms (D:2)
  2 dart slugs
  2 leopard geckos
  2 orcs (D:4)
  A ball python (D:1)
  7 bats
  6 giant cockroaches
  8 goblins
  5 hobgoblins
  8 jackals
  13 kobolds
  3 quokkas
  7 frilled lizards
  A jackal skeleton (D:4)
  6 rats
88 creatures vanquished.
